 Dungeon Crawl Stone Soup version 0.18-b1-18-g7758cf2 (webtiles) character file.

43 Ratboiler the Stinger (level 3, -4/26 HPs)
             Began as a Hill Orc Venom Mage on May 2, 2016.
             Killed by divine providence
             ... invoked by an orc priest
              (10 damage)
             ... on level 3 of the Dungeon.
             The game lasted 00:03:08 (1655 turns).

Ratboiler the Stinger (Hill Orc Venom Mage)         Turns: 1655, Time: 00:03:08

Health: -4/26      AC:  5    Str: 10    XL:     3   Next: 58%
Magic:  5/5        EV: 11    Int: 15    God:
Gold:   85         SH:  3    Dex: 12    Spells: 2 memorised, 2 levels left

rFire  . . .     SeeInvis .     h - +0 dagger (elec)
rCold  . . .     Gourm    .     f - +0 ring mail
rNeg   . . .     Faith    .     i - +0 buckler
rPois  .         Spirit   .     (no helmet)
rElec  .         Dismiss  .     (no cloak)
rCorr  .         Reflect  .     (no gloves)
SustAt .         Harm     .     (no boots)
MR     .....                    (no amulet)
Stlth  +.........               (no ring)
                                k - +2 ring of evasion

@: not resistant to hostile enchantments, very unstealthy
A: blink, deterioration 1, slow regeneration 1
a: Blink, Convert to Beogh


You were on level 3 of the Dungeon.
You were not hungry.

You visited 1 branch of the dungeon, and saw 3 of its levels.

You collected 85 gold pieces.

Inventory:

Hand Weapons
 h - a +0 dagger of electrocution (weapon)
 n - a +1 vampiric whip
Armour
 a - a +0 robe
 f - a +0 ring mail (worn)
 i - a +0 buckler (worn)
Jewellery
 k - a +2 ring of evasion (left hand)
Scrolls
 d - 3 scrolls of remove curse
Potions
 e - a potion of heal wounds {unknown}
 j - a potion of mutation
Books
 b - a Young Poisoner's Handbook

   Spells                             Type                      Level
   a - Sting                          Conjuration/Poison           1
   b - Cure Poison                    Poison                       2
   c - Mephitic Cloud                 Conjuration/Poison/Air       3
   d - Olgreb's Toxic Radiance        Poison                       4
   e - Venom Bolt                     Conjuration/Poison           5
Comestibles
 c - 3 bread rations
 g - a royal jelly
 m - 3 fruits


   Skills:
 + Level 3.4 Armour
 - Level 1.5 Dodging
 - Level 1.5 Stealth
 - Level 1.5 Spellcasting
 - Level 3.6 Poison Magic


You had 2 spell levels left.
You knew the following spells:

 Your Spells              Type           Power        Failure   Level  Hunger
a - Sting                 Conj/Pois      #...         50%         1    ##.....
b - Cure Poison           Pois           ##........   38%         2    ###....


Dungeon Overview and Level Annotations

Branches:
Dungeon (2/15)

Altars:
Pakellas


Innate Abilities, Weirdness & Mutations

You can translocate small distances at will.
Your body sometimes deteriorates upon taking damage.
You regenerate slowly when monsters are visible.


Message History

* * * LOW HITPOINT WARNING * * *
Drink which item? (? for menu, Esc to quit)
Okay, then.
Drink which item? (? for menu, Esc to quit)
It was a potion of mutation.
You feel extremely strange.
You feel jittery.
You feel yourself wasting away.
Your natural regeneration is weakened.
The orc hits you.
* * * LOW HITPOINT WARNING * * *
The orc priest hits you but does no damage.
The orc priest calls upon Beogh to heal the orc.
The orc's wounds heal themselves!
You block the orc's attack.
The goblin unwields an uncursed club.
The goblin wields a hunting sling.
The goblin shoots a stone.
The stone misses you.
You see here a stone.
The orc priest casts a cantrip, but nothing happens.
The orc priest calls down the wrath of Beogh upon you.
Beogh smites you!
You die...

######.###########.########
......................>....
######.#########.#.........
#.# #.#.#######. #.# #.###
#.# #.# #.# #.# ######.#
####.#
.......######...@########
............+............
.####.#######...o########
.# #..# ####.# .# ##.# #.#
.# #.# #o##### .# ##.###
#g....# .# #....# #.o...#
.# ##...# #.....#


You could see an orc priest, 2 orcs and a goblin.

Vanquished Creatures
  An adder (D:2)
  A worm (D:3)
  A giant gecko (D:3)
  3 giant cockroaches
  7 goblins
  3 hobgoblins
  2 bats (D:1)
  2 giant newts
  6 kobolds
  5 rats
31 creatures vanquished.

Notes
Turn   | Place    | Note
--------------------------------------------------------------
     0 | D:1      | Ratboiler the Hill Orc Venom Mage began the quest for the Orb.
     0 | D:1      | Reached XP level 1. HP: 14/14 MP: 3/3
   303 | D:1      | Reached skill level 1 in Armour
   334 | D:1      | Reached XP level 2. HP: 19/20 MP: 0/4
  1037 | D:1      | Learned a level 2 spell: Cure Poison
  1099 | D:2      | Reached XP level 3. HP: 26/26 MP: 5/5
  1321 | D:2      | Found an oddly glowing altar of Pakellas.
  1402 | D:2      | You fall through a shaft!
  1635 | D:3      | Gained mutation: You can translocate small distances at will. [potion of mutation]
  1635 | D:3      | Gained mutation: Your body sometimes deteriorates upon taking damage. [potion of mutation]
  1635 | D:3      | Gained mutation: You regenerate slowly when monsters are visible. [potion of mutation]
  1655 | D:3      | Killed from afar by an orc priest

Skill      XL: |  1  2  3 |
---------------+----------+-----
Armour         | 1 2 3 |  3.4
Dodging        | |  1.5
Stealth        | |  1.5
Spellcasting   | |  1.5
Poison Magic   | |  3.6

Action                   || total
-------------------------++-------
Melee: Unarmed           ||   117
       Dagger            ||    47
 Cast: Sting             ||     8
  Use: Scroll            ||     2
       Potion            ||     1
  Eat: Fruit             ||     3
Armor: Ring mail         ||    79
Dodge: Dodged            ||   109
Block: Buckler           ||    10
